 Dungeon Crawl Stone Soup version 0.24-a0-479-g9a978d2894 (webtiles) character file.

Game seed: 11022817050382858899

351 mortelune the Sneak (level 6, -1/36 HPs)
             Began as an Octopode Wizard on July 7, 2019.
             Was an Initiate of Gozag.
             Shot with an arrow by a centaur (10 damage)
             ... on level 5 of the Dungeon.
             The game lasted 00:18:31 (6440 turns).

mortelune the Sneak (Octopode Wizard)               Turns: 6440, Time: 00:18:31

Health: -1/36      AC:  1    Str:  7    XL:     6   Next: 61%
Magic:  2/11       EV: 13    Int: 21    God:    Gozag
Gold:   411        SH:  4    Dex: 14    Spells: 4/12 levels left

rFire    . . .     SeeInvis .   n - +0 trident
rCold    . . .     Gourm    .   l - +0 buckler
rNeg     . . .     Faith    .   a - +0 hat
rPois    .         Spirit   .   (no amulet)
rElec    .         Reflect  .   f - ring of wizardry
rCorr    .         Harm     .   w - +3 ring of dexterity
MR       .....                  (no ring)
Stlth    ++++......             (no ring)
HPRegen  0.12/turn              (no ring)
MPRegen  0.12/turn              (no ring)
                                (no ring)
                                (no ring)

@: very slightly contaminated
A: almost no armour, stealthy swim, amphibious, 8 rings, constrict 8, camouflage
1, gelatinous body 1
a: Potion Petition, Call Merchant, Bribe Branch, Renounce Religion


You were on level 5 of the Dungeon.
You worshipped Gozag.
Gozag was aware of your devotion.
You were hungry.

You visited 1 branch of the dungeon, and saw 5 of its levels.
You also visited: Sewer.

You collected 449 gold pieces.
You paid 38 gold pieces to Gozag.

Inventory:

Hand Weapons
 m - a +0 dagger
 n - a +0 trident (weapon)
Armour
 a - a +0 hat (worn)
 l - a +0 buckler (worn)
Jewellery
 f - a ring of wizardry (left tentacle)
 w - a +3 ring of dexterity (right tentacle)
Scrolls
 b - 2 scrolls of identify {unknown}
 i - a scroll of noise {unknown}
 k - a scroll of blinking
 o - 3 scrolls of remove curse {unknown}
 p - 4 scrolls of teleportation {unknown}
 r - a scroll of enchant armour {unknown}
 s - 3 scrolls of fear {unknown}
 t - a scroll of random uselessness {unknown}
 u - 2 scrolls of magic mapping {unknown}
Potions
 d - a potion of cancellation {unknown}
 e - a potion of curing {unknown}
 g - 2 potions of haste {unknown}
 h - 2 potions of resistance {unknown}
 j - 2 potions of invisibility {unknown}
 q - 3 potions of flight {unknown}
 v - 2 potions of lignification {unknown}
Comestibles
 c - 3 rations


   Skills:
 + Level 0.9 Polearms
 - Level 2.4 Dodging
 + Level 4.5 Stealth
 * Level 2.6 Shields
 + Level 3.8 Spellcasting
 * Level 3.4 Conjurations
 - Level 1.0 Summonings
 - Level 1.0 Translocations
 + Level 1.9 Poison Magic


You had 4 spell levels left.
You knew the following spells:

 Your Spells              Type           Power        Failure   Level  Hunger
a - Magic Dart            Conj           ###.         1%          1    None
b - Call Imp              Summ           #.......     6%          2    ##.....
c - Blink                 Tloc           N/A          6%          2    ##.....
d - Mephitic Cloud        Conj/Pois/Air  ##......     9%          3    ###....

Your spell library contained the following spells:

 Spells                   Type           Power        Failure   Level  Hunger
 Slow                     Hex            #.......     9%          2    ##.....
 Conjure Flame            Conj/Fire      ##......     9%          3    ###....


Dungeon Overview and Level Annotations

Branches:
Dungeon (5/15)
 Temple: D:4-7

Altars:
Dithmenos
Fedhas
Gozag
Okawaru
Qazlal


Innate Abilities, Weirdness & Mutations

You cannot wear most types of armour.
You are very stealthy in the water. (Stealth+)
You are amphibious.
You can wear up to eight rings at the same time.
You can use your tentacles to constrict eight enemies at once.
Your skin changes colour to match your surroundings (Stealth+).
Your rubbery body absorbs attacks. (AC +1, EV +1)


Message History

The centaur is heavily wounded.
Casting: Magic Dart (safe; 1% risk of failure)
Confirm with . or Enter, or press ? or * to list all spells.
Aiming: Magic Dart (safe; 1% risk of failure)
Press: ? - help, Shift-Dir - straight line, f/p - centaur
Aim: a centaur (heavily wounded, confused)
The magic dart hits the centaur.
The centaur is severely wounded.
Blink to where?
Press: ? - help, Dir - move target cursor, p - centaur You are very lightly contaminated with residual magic.
As you read the scroll of blinking, it crumbles to dust.
An adder comes into view.
You see here 2 arrows.
The quokka twitches its whiskers.
The centaur wields a +0 shortbow.
The centaur shoots an arrow.
The arrow barely misses you.
The centaur shoots an arrow.
The arrow hits you!
You die...
Your body crumbles into a pile of gold.

#.# ..S... #.#...
#.#.##.>.####.#...
#.#....r......#..#+###
#a####...............#
#.c..((((.............
###...........#.......
##..(........#.......
#............#<......
#...@................
#....................
#..........#.........
###.....(.##........#
#.................#
####'#'####.######..
#.......# .... .#
#.......# ......
#.......# ... ..


You could see a centaur, a worker ant and a quokka.

Vanquished Creatures
  An ogre (D:4)
  Jessica (D:2)
  A worker ant (D:4)
  Robin (D:2)
  6 adders
  An ooze (Sewer)
  3 worms
  A dart slug (D:3)
  2 leopard geckos
  4 orcs (D:3)
  6 ball pythons
  7 giant cockroaches
  13 goblins
  10 hobgoblins
  10 jackals
  10 bats
  11 frilled lizards
  6 kobolds
  6 rats
100 creatures vanquished.

Vanquished Creatures (collateral kills)
  An orc wizard (D:3)
  3 oozes (Sewer)
  A worm (Sewer)
  An orc (D:3)
  2 bats
  A goblin (D:1)
9 creatures vanquished.

Grand Total: 109 creatures vanquished

Notes
Turn   | Place    | Note
-------+----------+-------------------------------------------
     0 | D:1      | mortelune the Octopode Wizard began the quest for the Orb.
     0 | D:1      | Reached XP level 1. HP: 11/11 MP: 4/4
    96 | D:1      | Reached skill level 3 in Stealth
   103 | D:1      | Reached XP level 2. HP: 3/17 MP: 0/6
   382 | D:1      | Learned a level 2 spell: Call Imp
  1419 | D:2      | Learned a level 2 spell: Blink
  1473 | D:2      | Reached XP level 3. HP: 21/21 MP: 2/7
  1586 | D:2      | Noticed Robin
  1665 | D:2      | Found a faded altar of an unknown god.
  1960 | D:2      | Noticed Jessica
  1972 | D:2      | Killed Jessica
  1972 | D:2      | Reached XP level 4. HP: 24/27 MP: 2/9
  2038 | D:2      | Learned a level 3 spell: Mephitic Cloud
  2471 | D:2      | Reached skill level 1 in Shields
  2711 | D:2      | Killed Robin
  3920 | D:3      | Reached XP level 5. HP: 26/31 MP: 2/10
  3993 | D:3      | Reached skill level 1 in Poison Magic
  4117 | D:3      | Reached skill level 4 in Stealth
  4251 | D:3      | Found an opulent altar of Gozag.
  4603 | D:3      | Found a shadowy altar of Dithmenos.
  4603 | D:3      | Found a stormy altar of Qazlal.
  5010 | D:3      | Found a blossoming altar of Fedhas.
  5093 | D:3      | Became a worshipper of Gozag Ym Sagoz the Greedy
  5152 | D:4      | Found a glowing drain.
  5180 | Sewer    | Entered a sewer
  5666 | Sewer    | Reached XP level 6. HP: 25/36 MP: 6/11
  6221 | D:4      | Found an iron altar of Okawaru.
  6222 | D:4      | Found an opulent altar of Gozag.
  6377 | D:5      | Entered Level 5 of the Dungeon
  6440 | D:5      | Shot with an arrow by a centaur

Levels and vault maps discovered:
D:1:      giann_forest_graveyard, layout_basic
D:2:      layout_loops_ring, chequers_ecumenical_altar_lobes,
          hangedman_feature_mirror, uniq_robin, uniq_jessica
D:3:      layout_loops_corners, gammafunk_temple_overflow_elements,
          nicolae_overflow_hidden_temple, grunt_gozag_breadcrumbs
D:4:      layout_basic, gammafunk_temple_overflow_pools, portal_sewer_entry_a,
          kennysheep_dice
D:5:      layout_basic, first_ration

Skill      XL: |  1  2  3  4  5 |
---------------+----------------+-----
Stealth        | 3 4 |  4.5
Conjurations   | 2 3 |  3.4
Shields        | 1 2 |  2.6
Poison Magic   | 1 |  1.9
Polearms       | |  0.9
Dodging        | |  2.4
Spellcasting   | |  3.8
Summonings     | |  1.0
Translocations | |  1.0

Action                   |  1- 3 |  4- 6 || total
-------------------------+-------+-------++-------
Melee: Unarmed           |    14 |    20 ||    34
       Constrict         |     6 |     7 ||    13
       Tentacles         |     1 |     4 ||     5
       Trident           |       |    33 ||    33
 Cast: Magic Dart        |    73 |   181 ||   254
       Call Imp          |     4 |     7 ||    11
       Mephitic Cloud    |       |     6 ||     6
       Blink             |       |     1 ||     1
  Use: Scroll            |       |     2 ||     2
 Stab: Distracted        |     1 |     1 ||     2
       Confused          |       |     1 ||     1
  Eat: Chunk             |     3 |     7 ||    10
       Ration            |       |     2 ||     2
Armor: Skin              |     9 |     4 ||    13
Dodge: Dodged            |    45 |    46 ||    91
Block: Buckler           |       |     8 ||     8

Table legend:
 A = Non-vault XP
 B = Vault XP
 C = Vault XP percentage of total XP
 D = Non-vault monster count
 E = Vault monster count
 F = Vault count percentage of total count
                 A         B        C        D         E       F
            +---------+---------+-------+---------+---------+-------
      Total |     356 |     146 |  29.1 |      64 |      45 |  41.3
            +---------+---------+-------+---------+---------+-------
        D:1 |      27 |       3 |  10.0 |      17 |       2 |  10.5
        D:2 |      41 |      73 |  64.0 |      23 |      14 |  37.8
        D:3 |     115 |       0 |   0.0 |      17 |       0 |   0.0
        D:4 |     172 |       5 |   2.8 |       6 |       4 |  40.0
        D:5 |       1 |       0 |   0.0 |       1 |       0 |   0.0
      Sewer |       0 |      65 | 100.0 |       0 |      25 | 100.0
            +---------+---------+-------+---------+---------+-------
